 Dungeon Crawl Stone Soup version 0.21.1-1-g345015f (webtiles) character file.

2 Monsterracer the Changer (level 1, -3/11 HPs)
             Began as an Octopode Wanderer on Feb 11, 2018.
             Slain by a leopard gecko (4 damage)
             ... on level 1 of the Dungeon.
             The game lasted 00:01:08 (39 turns).

Monsterracer the Changer (Octopode Wanderer)          Turns: 39, Time: 00:01:09

Health: -3/11      AC:  1    Str: 10    XL:     1   Next: 30%
Magic:  2/2        EV: 12    Int: 14    God:
Gold:   0          SH:  0    Dex: 12    Spells: 2/2 levels left

rFire    . . .     SeeInvis .   (no weapon)
rCold    . . .     Gourm    .   (no shield)
rNeg     . . .     Faith    .   (helmet restricted)
rPois    .         Spirit   .   (no amulet)
rElec    .         Reflect  .   (no ring)
rCorr    .         Harm     .   (no ring)
MR       .....                  (no ring)
Stlth    ++........             (no ring)
HPRegen  0.03/turn              (no ring)
MPRegen  0.08/turn              (no ring)
                                (no ring)
                                (no ring)

@: no status effects
A: almost no armour, stealthy swim, amphibious, 8 rings, constrict 8, camouflage
1, gelatinous body 1
a: no special abilities


You were on level 1 of the Dungeon.
You were not hungry.

You visited 1 branch of the dungeon, and saw 1 of its levels.

Inventory:

Hand Weapons
 b - a +2 blowgun
Missiles
 a - 2 curare-tipped needles
Books
 d - the Almanac of Black Rituals

   Spells                             Type                      Level
   a - Pain                           Necromancy                   1
   b - Regeneration                   Charms/Necromancy            3
Comestibles
 c - a ration


   Skills:
 - Level 1.0 Throwing
 + Level 0.6 Unarmed Combat
 - Level 1.0 Spellcasting
   Level 1.0 Necromancy
   Level 3.0 Transmutations
   Level 1.0 Air Magic
   Level 2.4 Poison Magic
   Level 1.1 Evocations


You had 2 spell levels left.
You didn't know any spells.

Dungeon Overview and Level Annotations

Branches:
Dungeon (1/15)

Altars:


Innate Abilities, Weirdness & Mutations

You cannot wear most types of armour.
You are very stealthy in the water. (Stealth+)
You are amphibious.
You can wear up to eight rings at the same time.
You can use your tentacles to constrict eight enemies at once.
Your skin changes colour to match your surroundings (Stealth+).
Your rubbery body absorbs attacks. (AC +1, EV +1)


Message History

c - a ration;
d - the Almanac of Black Rituals Welcome, Monsterracer the Octopode Wanderer.
It is said that the Orb of Zot exists deep within this dungeon.
Press ? for a list of commands and other information.
Found a short sword.
Found a staircase leading out of the dungeon.
Okay, then.
You don't know any spells.
Okay, then.
You don't know any spells.
Okay, then.
Found an escape hatch in the floor.
A frilled lizard comes into view.
Found a leather armour and a scroll labeled QANORHUSKAEL.
Firing (i - inventory):
a - 3 curare-tipped needles (quivered)
Press: ? - help, Shift-Dir - straight line, f - frilled lizard
Aim: a frilled lizard (resting)
You shoot a curare-tipped needle.
The curare-tipped needle hits the frilled lizard.
The frilled lizard is poisoned.
The frilled lizard convulses.
You kill the frilled lizard!
You are now empty-tentacled.
A kobold comes into view. It is wielding a dagger.
Found a stone staircase leading down.
A frilled lizard comes into view.
The kobold shouts!
The kobold throws a stone.
The stone barely misses you.
The frilled lizard hisses angrily.
A leopard gecko comes into view.
The kobold throws a stone.
The stone misses you. The frilled lizard bites you.
A kobold comes into view. It is wielding a club.
You take 2 damage, and have 9/11 hp.
You closely miss the frilled lizard.
The kobold shouts!
The leopard gecko hisses angrily.
You grab the frilled lizard. Your squeeze misses the frilled lizard.
You constrict the frilled lizard. The frilled lizard barely misses you.
You barely miss the frilled lizard.
The frilled lizard is heavily wounded.
You constrict the frilled lizard.
You kill the frilled lizard!
You tentacle-slap the leopard gecko. Your grab misses the leopard gecko.
The leopard gecko is moderately wounded.
The leopard gecko bites you.
* * * LOW HITPOINT WARNING * * *
The leopard gecko barely misses you.
You take 5 damage, and have 5/11 hp.
MASSIVE DAMAGE!!
You barely miss the kobold. You grab the kobold. You constrict the kobold.
The leopard gecko bites you.
* * * LOW HITPOINT WARNING * * *
The kobold closely misses you.
You take 2 damage, and have 3/11 hp.
You tentacle-slap the kobold but do no damage.
The kobold is moderately wounded.
You constrict the kobold. The leopard gecko barely misses you.
The kobold closely misses you.
You closely miss the leopard gecko. Your grab misses the leopard gecko.
The leopard gecko is moderately wounded.
You constrict the kobold.
You kill the kobold!
The leopard gecko bites you.
* * * LOW HITPOINT WARNING * * *
A rat comes into view.
You take 2 damage, and have 1/11 hp.
You barely miss the leopard gecko. Your grab misses the leopard gecko.
The leopard gecko is moderately wounded.
The leopard gecko bites you.
You die...

........r...#
###............
...............
...............
.>..............
?[..............# .
.........Kl......# ..
...........@)...(.#
.#####.................#
≈♣≈≈≈##>..............##
..♣.≈#................#
.♣♣♣≈#.........(......#
.)♣.≈#..........#######
....♣#..........#
<...≈...........#
....♣##........##


You could see a leopard gecko, a kobold and a rat.

Vanquished Creatures
  2 frilled lizards (D:1)
  A kobold (D:1)
3 creatures vanquished.

Notes
Turn   | Place    | Note
-------+----------+-------------------------------------------
     0 | D:1      | Monsterracer the Octopode Wanderer began the quest for the Orb.
     0 | D:1      | Monsterracer set off with: 3 curare-tipped needles, a +2 blowgun, a ration, the Almanac of Black Rituals
     0 | D:1      | Reached XP level 1. HP: 11/11 MP: 2/2
     0 | D:1      | Identified the Almanac of Black Rituals
    35 | D:1      | HP: 5/11 [leopard gecko (5)]
    38 | D:1      | HP: 1/11 [leopard gecko (2)]
    39 | D:1      | Slain by a leopard gecko

Action                   || total
-------------------------++-------
Melee: Unarmed           ||     7
       Constrict         ||     2
 Fire: Blowgun           ||     1
Dodge: Dodged            ||     7

Vault maps used:
D:1:      ldierk_walled_garden
